 Dungeon Crawl Stone Soup version 0.30-a0-341-g682706514a (webtiles) character file.

Game seed: 4407961477611387749

7079 ytrimaz the Warrior (level 11, -9/199 HPs)
             Began as an Ogre Berserker on Nov 4, 2022.
             Was an Elder of Trog.
             Succumbed to Amaemon's poison
             ... on level 10 of the Dungeon.
             The game lasted 00:13:11 (12093 turns).

ytrimaz the Warrior (Ogre Berserker)               Turns: 12093, Time: 00:13:12

Health: -9/199     AC:  8    Str: 33    XL:     11   Next: 9%
Magic:  1/11       EV:  9    Int:  8    God:    Trog [****..]
Gold:   1725       SH:  0    Dex:  8    Spells: 10/10 levels left

rFire   . . .      SeeInvis +    n - +1 morningstar
rCold   . . .      Faith    .    (no shield)
rNeg    . . .      Spirit   +    F - +0 acid dragon scales
rPois   .          Reflect  .    A - +1 hat
rElec   .          Harm     .    (no cloak)
rCorr   +          Rampage  .    (gloves unavailable)
Will    +....                    (boots unavailable)
Stlth   ..........               m - amulet of guardian spirit
HPRegen 0.53/turn                w - ring of see invisible
MPRegen 0.12/turn                v - +6 ring of strength

@: berserking (expiring), lethally poisoned (-9 -> -56), slowed
A: large, unfitting armour, tough skin 1
a: Renounce Religion, Berserk, Trog's Hand, Brothers in Arms


You were on level 10 of the Dungeon.
You worshipped Trog.
Trog was greatly pleased with you.
You visited 1 branch of the dungeon, and saw 10 of its levels.

You collected 1725 gold pieces.


Innate Abilities, Weirdness & Mutations

You are too large for most types of armour.
You have tough skin. (AC +1)


   Skills:
 + Level 15.6 Fighting
 + Level 11.2 Maces & Flails
 - Level 2.6 Dodging


You had 10 spell levels left.
You didn't know any spells.
Your spell library was empty.

Inventory:

Hand Weapons
 j - a +2 giant spiked club
   (You took it off an ogre on level 4 of the Dungeon)
 n - a +1 morningstar (weapon)
   (You took it off Terence on level 2 of the Dungeon)
Missiles
 b - 17 poisoned darts
 y - 10 boomerangs (quivered)
Armour
 A - a +1 hat (worn)
   (You found it on level 5 of the Dungeon)
 F - +0 acid dragon scales (worn)
   (You found it on level 9 of the Dungeon)
Jewellery
 h - a ring of resist corrosion
   (You found it on level 4 of the Dungeon)
 m - an amulet of guardian spirit (around neck)
   (You found it on level 2 of the Dungeon)
 s - a ring of magical power
   (You found it on level 5 of the Dungeon)
 v - a +6 ring of strength (right hand)
   (You found it on level 5 of the Dungeon)
 w - a ring of see invisible (left hand)
   (You found it on level 5 of the Dungeon)
Wands
 a - a wand of digging (16)
   (You found it on level 4 of the Dungeon)
 z - a wand of roots (7)
   (You took it off an orc on level 6 of the Dungeon)
 C - a wand of flame (9)
   (You found it on level 8 of the Dungeon)
 G - a wand of polymorph (7)
   (You found it on level 9 of the Dungeon)
 J - a wand of acid (4)
   (You found it on level 9 of the Dungeon)
Scrolls
 k - 10 scrolls of teleportation
 l - a scroll of magic mapping
 o - 3 scrolls of fear
 p - 5 scrolls of vulnerability
Potions
 c - 3 potions of berserk rage
 d - a potion of lignification
 e - 2 potions of brilliance
 f - 2 potions of flight
 g - 3 potions of haste
 i - a potion of invisibility
 q - 2 potions of cancellation
 r - a potion of attraction
 t - 6 potions of curing
 u - 2 potions of mutation
 x - a potion of degeneration {unknown}
 B - a potion of heal wounds {unknown}
 D - a potion of ambrosia {unknown}
 H - 2 potions of might

Dungeon Overview and Level Annotations

Branches:
Dungeon (10/15) Zot: 26842  Temple (0/1) D:5            Lair (0/5) D:9
    Orc (0/2) D:9

Altars:
Cheibriados
Elyvilon
Fedhas
Gozag
Kikubaaqudgha
Makhleb
Uskayaw
Vehumet
The Shining One

Annotations:
D:2 1 runed translucent door, Crazy Yiuf
D:7 2 transporters, hgbash's ghost, novice KoBr

............#.##.#....#
############.##.#.####
#.##.#.# #.##.#.##
#..#....# ##>###..#
########.# #..#
......)..# #..#
.#####.#@# #..#
#4#.###..# #.#.##...#
#.#.##.#.## #.#....#..#
#.###..##.# #. #..##.#
#..##.# #..##.#


There were no monsters in sight!


Message History

😕 HP[+48]
You now have 198 max hp (+66).
You regained 48 hp, and now have 180/198 hp.
Unknown command.
You barely miss Amaemon.
You feel sick.
You closely miss Amaemon.
You feel sick. The orange demon closely misses you.
Amaemon hits you with a -1 demon whip of venom!
Amaemon claws you.
Amaemon barely misses you. 😕 HP[-16] MP[-1]
You take 16 damage, and now have 164/198 hp.
You lost 1 mp, and now have 10/11 mp.
Unknown command.
You closely miss Amaemon.
You feel sick. 😕 HP[-1]
You take 1 damage, and now have 163/198 hp.
You hit Amaemon.
You feel sick. The orange demon stings you from afar!
You are more poisoned.
You have difficulty breathing.
You feel yourself slow down. Amaemon barely misses you.
Amaemon closely misses you. Amaemon barely misses you. 😕 HP[-14]
You take 14 damage, and now have 149/198 hp.
You closely miss Amaemon.
You feel very sick.
Amaemon hits you with a -1 demon whip of venom.
You are more poisoned.
Amaemon closely misses you. Amaemon tail-slaps you.
You are more poisoned.
Amaemon poisons you! The orange demon stings you from afar.
You are more poisoned.
You have difficulty breathing.
You feel as though you will be slow longer. 😮 HP[-18] MP[-1]
You take 18 damage, and now have 131/198 hp.
You lost 1 mp, and now have 9/11 mp.
You perforate Amaemon like a sieve!!!
You feel extremely sick. The orange demon stings you from afar.
You are more poisoned.
You have difficulty breathing.
You feel as though you will be slow longer.
Amaemon closely misses you. Amaemon claws you.
Amaemon tail-slaps you but does no damage. 😮 HP[-20] MP[-1]
You take 20 damage, and now have 111/198 hp.
You lost 1 mp, and now have 8/11 mp.
You closely miss Amaemon.
You feel extremely sick. The orange demon stings you from afar!
* * * LOW HITPOINT WARNING * * *
Amaemon hits you with a -1 demon whip of venom!
* * * LOW HITPOINT WARNING * * *
You are more poisoned.
Amaemon claws you!
* * * LOW HITPOINT WARNING * * *
Amaemon tail-slaps you but does no damage. 😨 HP[-33] MP[-1]
You take 33 damage, and now have 78/198 hp.
You lost 1 mp, and now have 7/11 mp.
You impale Amaemon!!
You feel extremely sick.
The orange demon no longer looks unusually toxic.
The orange demon stings you but does no damage.
Amaemon hits you with a -1 demon whip of venom!
* * * LOW HITPOINT WARNING * * *
You are lethally poisoned!
Amaemon claws you but does no damage. Amaemon tail-slaps you.
* * * LOW HITPOINT WARNING * * *
😱 HP[-32] MP[-2]
You take 32 damage, and now have 46/198 hp.
You lost 2 mp, and now have 5/11 mp.
You hit Amaemon.
* * * LOW HITPOINT WARNING * * *
You feel extremely sick. The orange demon stings you from afar.
* * * LOW HITPOINT WARNING * * *
Amaemon hits you with a -1 demon whip of venom!
* * * LOW HITPOINT WARNING * * *
You are more poisoned.
Amaemon barely misses you. x2 😱 HP[-28] MP[-2]
You take 28 damage, and now have 18/198 hp.
You lost 2 mp, and now have 3/11 mp.
You bludgeon Amaemon!!
You kill Amaemon!
Trog accepts your kill.
Trog appreciates your killing of a magic user.
* * * LOW HITPOINT WARNING * * *
You feel extremely sick. The orange demon stings you from afar!
* * * LOW HITPOINT WARNING * * *
😱 HP[-16] MP[-2]
You now have 199 max hp (+1).
You take 16 damage, and now have 2/199 hp.
You lost 2 mp, and now have 1/11 mp.
Unknown command.
Unknown command.
Okay, then.
You die...

Skill      XL: |  1  2  3  4  5  6  7  8  9 10 |
---------------+-------------------------------+-----
Maces & Flails | 3 4 5 6 7 9 11 | 11.2
Fighting       | 5 6 7 9 11 13 15 | 15.6
Dodging        | |  2.6

Action                   |  1- 3 |  4- 6 |  7- 9 | 10-12 || total
-------------------------+-------+-------+-------+-------++-------
Melee: Mace              |    90 |    71 |       |       ||   161
       Punch             |     1 |     1 |     2 |     5 ||     9
       Morningstar       |       |   114 |   336 |   170 ||   620
       Giant spiked club |       |       |    10 |       ||    10
Invok: Berserk           |     1 |     2 |    12 |     7 ||    22
       Trog's Hand       |       |       |     3 |       ||     3
  Use: Scroll            |       |    12 |     5 |     6 ||    23
       Potion            |       |       |     1 |     2 ||     3
 Stab: Sleeping          |       |     1 |       |       ||     1
Armor: Animal skin       |    36 |    52 |    94 |     9 ||   191
       Acid dragon scale |       |       |       |    42 ||    42
       Skin              |       |       |       |     6 ||     6
Dodge: Dodged            |    69 |   115 |   213 |    95 ||   492

Levels and vault maps discovered:
D:1:      wander_arrival_chamber, layout_loops_corners, serial_forest,
          infiniplex_forest_clump_curved, infiniplex_forest_end_double,
          infiniplex_forest_clump_medium, infiniplex_forest_diagonal,
          infiniplex_forest_zigzag_2, infiniplex_forest_clump_C,
          infiniplex_forest_corner_2, infiniplex_forest_end_1,
          grunt_decor_junction
D:2:      layout_basic, minmay_pentomino_pile, uniq_terence,
          uniq_crazy_yiuf_cottage, uniq_jessica
D:3:      layout_loops_corners
D:4:      layout_loops_cross, mainiacjoe_overflow_brackets,
          jmf_multi_god_temple2, minmay_misc_feat_columns, minmay_starry_boxes
D:5:      layout_loops_ring, minmay_temple_entry_sparse_star, lightli_minifort
D:6:      layout_gridville, old_standard_altar
D:7:      layout_loops_ring, gammafunk_ghost_arena
D:8:      layout_rooms, nicolae_vehumet_altar_sigil,
          nicolae_overflow_hidden_temple, kennysheep_mini_moat
D:9:      layout_cross, dpeg_oklobed_lair, david_orc_4, uniq_psyche,
          uniq_gastronok
D:10:     layout_loops_ring, serial_rivers, chequers_serial_rivers_micro_c,
          chequers_serial_rivers_small_a, chequers_serial_rivers_small_b,
          chequers_serial_rivers_room_b, chequers_arboretum,
          serial_bayou_pond_b, wad_floor_pattern_1, uniq_amaemon

Notes
Turn   | Place    | Note
-------+----------+-------------------------------------------
     0 | D:1      | ytrimaz the Ogre Berserker began the quest for the Orb.
     0 | D:1      | Reached XP level 1. HP: 24/24 MP: 1/1
     0 | D:1      | magus.rc [v1.9.6]
   253 | D:1      | Reached XP level 2. HP: 33/33 MP: 2/2
   301 | D:1      | Reached skill level 3 in Maces & Flails
   982 | D:1      | Reached XP level 3. HP: 41/41 MP: 3/3
  1253 | D:2      | Reached skill level 5 in Fighting
  1322 | D:2      | Noticed Jessica
  1334 | D:2      | Killed Jessica
  1335 | D:2      | Reached XP level 4. HP: 49/50 MP: 4/4
  1337 | D:2      | Reached ** piety under Trog
  2028 | D:2      | Noticed Terence
  2045 | D:2      | Killed Terence
  2046 | D:2      | Reached skill level 6 in Fighting
  2046 | D:2      | Reached skill level 4 in Maces & Flails
  2046 | D:2      | Reached XP level 5. HP: 48/59 MP: 3/5
  2237 | D:2      | Found a runed translucent door.
  2238 | D:2      | Noticed Crazy Yiuf
  3194 | D:3      | Reached XP level 6. HP: 65/68 MP: 6/6
  3460 | D:4      | Reached *** piety under Trog
  3646 | D:4      | Reached skill level 7 in Fighting
  3706 | D:4      | Reached skill level 5 in Maces & Flails
  4057 | D:4      | Reached XP level 7. HP: 68/79 MP: 5/7
  4275 | D:4      | Found a large runed translucent door.
  4275 | D:4      | Found a large runed translucent door.
  4380 | D:4      | Reached skill level 8 in Fighting
  4558 | D:4      | Found a hide-covered altar of Uskayaw.
  4722 | D:4      | Found a snail-covered altar of Cheibriados.
  4725 | D:4      | Found a burning altar of Makhleb.
  4789 | D:5      | Entered Level 5 of the Dungeon
  4900 | D:5      | HP: 17/81 [water moccasin (4)]
  4904 | D:5      | Reached skill level 6 in Maces & Flails
  4905 | D:5      | HP: 8/121 [poisoned by a water moccasin]
  4910 | D:5      | HP: 7/81 [poisoned by a water moccasin]
  5277 | D:5      | Found a staircase to the Ecumenical Temple.
  5296 | D:5      | Reached skill level 9 in Fighting
  5296 | D:5      | Reached XP level 8. HP: 78/84 MP: 7/8
  5393 | D:5      | HP: 16/86 [poisoned by a gnoll]
  5396 | D:5      | HP: 7/87 [poisoned by a gnoll]
  5867 | D:5      | Reached skill level 10 in Fighting
  6150 | D:5      | Reached skill level 7 in Maces & Flails
  6750 | D:6      | Found a white marble altar of Elyvilon.
  7212 | D:6      | Reached skill level 11 in Fighting
  7212 | D:6      | Reached XP level 9. HP: 87/105 MP: 6/9
  8063 | D:7      | Reached skill level 8 in Maces & Flails
  8736 | D:7      | Noticed hgbash's ghost (novice KoBr)
  8769 | D:7      | Found a transporter.
  8846 | D:7      | Reached **** piety under Trog
  8849 | D:7      | Reached skill level 12 in Fighting
  9116 | D:7      | Reached skill level 9 in Maces & Flails
  9124 | D:7      | Reached skill level 13 in Fighting
  9149 | D:7      | HP: 26/110 [kobold brigand/+0 short sword (5)]
  9437 | D:7      | Found a transporter.
  9552 | D:7      | Reached XP level 10. HP: 114/119 MP: 10/10
  9673 | D:7      | Identified a scroll of acquirement
  9673 | D:7      | Acquired 1056 gold pieces
 10233 | D:8      | Found an ancient bone altar of Kikubaaqudgha.
 10258 | D:8      | Found a blossoming altar of Fedhas.
 10260 | D:8      | Found a glowing golden altar of the Shining One.
 10367 | D:8      | Found a radiant altar of Vehumet.
 10434 | D:8      | Found an opulent altar of Gozag.
 10721 | D:9      | Reached skill level 10 in Maces & Flails
 10750 | D:9      | Reached skill level 14 in Fighting
 10956 | D:9      | Found a staircase to the Orcish Mines.
 11141 | D:9      | Noticed Psyche
 11167 | D:9      | HP: 43/177 [Psyche/+1 dagger of distortion (9)]
 11169 | D:9      | Killed Psyche
 11422 | D:9      | Noticed Gastronok
 11530 | D:9      | Killed Gastronok
 11813 | D:9      | Found a staircase to the Lair.
 11942 | D:10     | Entered Level 10 of the Dungeon
 11954 | D:10     | Reached skill level 15 in Fighting
 11967 | D:10     | Reached skill level 11 in Maces & Flails
 11967 | D:10     | Reached XP level 11. HP: 132/132 MP: 9/11
 12080 | D:10     | Noticed Amaemon
 12090 | D:10     | HP: 46/198 [Amaemon/-1 demon whip of venom (5)]
 12091 | D:10     | HP: 18/198 [Amaemon/-1 demon whip of venom (12)]
 12092 | D:10     | Killed Amaemon
 12092 | D:10     | HP: 6/198 [poisoned by Amaemon]
 12092 | D:10     | HP: 2/198 [orange demon[Amaemon] (4)]
 12093 | D:10     | Succumbed to Amaemon's poison

Vanquished Creatures
  Gastronok (D:9)
  Amaemon (D:10)
  Psyche (D:9)
  9 yaks
  2 water moccasins
  An acid dragon (D:9)
  5 orc warriors
  2 ice beasts
  A sky beast (D:7)
  A black bear (D:5)
  An ogre (D:4)
  3 centaurs
  4 kobold brigands
  2 phantoms
  A bullfrog (D:7)
  3 necrophages
  2 scorpions
  2 gnoll sergeants
  8 wights
  2 howler monkeys (D:8)
  3 hounds
  5 orc priests
  3 jellies
  Jessica (D:2)
  A gnoll bouda (D:7)
  Terence (D:2)
  9 orc wizards
  An iguana (D:4)
  18 gnolls
  11 adders
  A white imp (D:8)
  An ufetubus (D:7)
  A dart slug (D:3)
  39 orcs
  7 endoplasms
  4 giant cockroaches
  13 goblins
  9 hobgoblins
  11 jackals
  4 quokkas
  9 ball pythons
  5 bats
  4 frilled lizards
  21 kobolds
  3 rats
237 creatures vanquished.

Table legend:
 A = Non-vault XP
 B = Vault XP
 C = Vault XP percentage of total XP
 D = Non-vault monster count
 E = Vault monster count
 F = Vault count percentage of total count
                 A         B        C        D         E       F
            +---------+---------+-------+---------+---------+-------
      Total |    6603 |    3510 |  34.7 |     198 |      39 |  16.5
            +---------+---------+-------+---------+---------+-------
        D:1 |      36 |       0 |   0.0 |      23 |       0 |   0.0
        D:2 |      76 |      78 |  50.6 |      21 |       6 |  22.2
        D:3 |     177 |       0 |   0.0 |      20 |       0 |   0.0
        D:4 |     408 |     129 |  24.0 |      23 |      10 |  30.3
        D:5 |     872 |     154 |  15.0 |      22 |       6 |  21.4
        D:6 |     623 |       0 |   0.0 |      26 |       0 |   0.0
        D:7 |    2363 |       0 |   0.0 |      30 |       0 |   0.0
        D:8 |     551 |       0 |   0.0 |      18 |       0 |   0.0
        D:9 |     673 |    2383 |  78.0 |      11 |      16 |  59.3
       D:10 |     824 |     766 |  48.2 |       4 |       1 |  20.0
            +---------+---------+-------+---------+---------+-------

Illustrated notes

Table legend:
 A = Kills in this place as a percentage of kills in entire the game.
 B = Kills by you in this place as a percentage of kills by you in the entire game.
 C = Kills by friends in this place as a percentage of kills by friends in the entire game.
 D = Other kills in this place as a percentage of other kills in the entire game.
 E = Experience gained in this place as a percentage of experience gained in the entire game.
 F = Experience gained in this place divided by the number of levels of this place that you have seen.
                   A       B       C       D       E      F
               +-------+-------+-------+-------+-------+----------------------
         Total | 100.0 | 100.0 |   N/A |   N/A | 100.0 | 1011.3
       Dungeon | 100.0 | 100.0 |   N/A |   N/A | 100.0 | 1011.3
               +-------+-------+-------+-------+-------+----------------------

Table legend: (Time is in decaauts)
 A = Elapsed time spent in this place.
 B = Non-inter-level travel time spent in this place.
 C = Inter-level travel time spent in this place.
 D = Time resting spent in this place.
 E = Time spent auto-exploring this place.
 F = Levels seen in this place.
 G = Mean time per level.
                   A        B        C        D        E       F      G
               +--------+--------+--------+--------+--------+-----+--------+
         Total |  12413 |  12165 |    248 |    549 |   9777 |  10 | 1241.3 |
       Dungeon |  12413 |  12165 |    248 |    549 |   9777 |  10 | 1241.3 |
               +--------+--------+--------+--------+--------+-----+--------+

Top non-repeatable levels by time:
     D:7: 1920 daAuts
     D:5: 1892 daAuts
     D:6: 1459 daAuts
     D:9: 1427 daAuts
     D:4: 1383 daAuts
     D:2: 1245 daAuts
     D:1: 1199 daAuts
     D:3: 1076 daAuts
     D:8: 651 daAuts
    D:10: 157 daAuts
